 Dungeon Crawl Stone Soup version 0.28.0-45-g0d030f2227 (webtiles) character file.

Game seed: 5637752221787091177

49 DuloT34 the Changer (level 3, 0/27 HPs)
             Began as a Naga Transmuter on Apr 22, 2022.
             Was a Follower of Hepliaklqana.
             Shot with a stone by a goblin (5 damage)
             ... led by Robin
             ... on level 2 of the Dungeon.
             The game lasted 00:04:22 (3361 turns).

DuloT34 the Changer (Naga Transmuter)               Turns: 3361, Time: 00:04:22

Health: 0/27       AC:  2    Str: 12    XL:     3   Next: 77%
Magic:  6/6        EV:  9    Int: 15    God:    Hepliaklqana [*.....]
Gold:   104        SH:  0    Dex: 11    Spells: 0/6 levels left

rFire   . . .      SeeInvis +     - Unarmed
rCold   . . .      Faith    .   (no shield)
rNeg    . . .      Spirit   .   a - +0 robe
rPois   +          Reflect  .   (no helmet)
rElec   .          Harm     .   (no cloak)
rCorr   .          Rampage  .   (no gloves)
Will    .....                   (no barding)
Stlth   +.........              (no amulet)
HPRegen 0.09/turn               (no ring)
MPRegen 0.10/turn               (no ring)

@: very slow
A: reduced essence, AC +1, large, see invisible, deformed body, poison
resistance, slowness 2, spit poison 1, naga tail 1
a: Spit Poison, Renounce Religion, Recall Ancestor, Ancestor Identity


You were on level 2 of the Dungeon.
You worshipped Hepliaklqana.
Hepliaklqana was aware of your devotion.
You visited 1 branch of the dungeon, and saw 2 of its levels.

You collected 104 gold pieces.

Inventory:

Armour
 a - a +0 robe (worn)
Jewellery
 b - a ring of wizardry
Scrolls
 c - 2 scrolls of identify {unknown}
 e - a scroll of immolation {unknown}
Potions
 d - 2 potions of curing {unknown}
 f - a potion of flight {unknown}


   Skills:
 - Level 1.0 Fighting
 - Level 1.5 Dodging
 - Level 3.0 Unarmed Combat
 - Level 2.0 Spellcasting
 + Level 4.0 Transmutations


You couldn't memorise any spells.
You knew the following spells:

 Your Spells              Type           Power      Damage    Failure   Level
a - Beastly Appendage     Tmut           26%        N/A       4%          1
b - Wereblood             Tmut           13%        N/A       6%          2
c - Spider Form           Tmut/Pois      7%         N/A       28%         3

Your spell library contained the following spells:

 Spells                   Type           Power      Damage    Failure   Level
 Gell's Gravitas          Tloc           1%         N/A       54%         3
 Lesser Beckoning         Tloc           1%         N/A       54%         3
 Teleport Other           Tloc           1%         N/A       54%         3
 Ice Form                 Ice/Tmut       7%         N/A       67%         4


Dungeon Overview and Level Annotations

Branches:
Dungeon (2/15)

Altars:
Hepliaklqana

Annotations:
D:2 Robin


Innate Abilities, Weirdness & Mutations

Your life essence is reduced to manifest your ancestor. (-10% HP)
Your serpentine skin is tough. (AC +1)
You have supernaturally acute eyesight. (SInv)
Armour fits poorly on your strangely shaped body.
Your system is resistant to poisons. (rPois)
You cover ground very slowly.
You can spit poison.
You have a snake-like lower body.


Message History

A goblin is nearby!
Your primal bloodlust is almost over.
The goblin shoots a stone.
The stone hits you but does no damage.
The goblin shoots a stone.
The stone hits you.
The goblin shoots a stone.
The stone barely misses you.
Your primal bloodlust has ended.
The goblin shoots a stone.
The stone closely misses you.
Your horns disappear.
Your magical contamination has completely faded away.
The goblin no longer looks unusually strong.
The goblin shoots a stone.
The stone barely misses you.
The goblin shoots a stone.
The stone closely misses you.
The goblin shoots a stone.
The stone hits you.
The goblin shoots a stone.
The stone closely misses you.
The goblin shoots a stone.
The stone barely misses you.
The goblin shoots a stone.
The stone hits you.
The goblin shoots a stone.
The stone hits you but does no damage.
Things that are here:
a +0 club; 4 stones The goblin shoots a stone.
The stone barely misses you.
The goblin shoots a stone.
The stone hits you.
The goblin shoots a stone.
The stone hits you.
* * * LOW HITPOINT WARNING * * *
The goblin shoots a stone.
The stone closely misses you.
The goblin shoots a stone.
The stone hits you but does no damage.
The goblin shoots a stone.
The stone hits you.
* * * LOW HITPOINT WARNING * * *
The goblin shoots a stone.
The stone hits you.
* * * LOW HITPOINT WARNING * * *
The goblin shoots a stone.
The stone closely misses you.
The goblin shoots a stone.
The stone hits you.
* * * LOW HITPOINT WARNING * * *
The goblin shoots a stone.
The stone barely misses you.
Shiva emerges from the mists of memory!
The goblin shoots a stone.
The stone barely misses Shiva.
The stone hits you but does no damage.
The goblin shoots a stone.
The stone hits Shiva.
The goblin shoots a stone.
The stone hits Shiva.
The goblin shoots a stone.
The stone hits Shiva.
The goblin shoots a stone.
The stone barely misses Shiva.
The stone hits you.
You die...

##### #...#
###########...#######
#......R@...........#
#g#################>#
#.# #.# #.# #.# #.#
#.# #.#.# #.# # #.#.#
#.# # # #.#g# #.# #
.. #.#.# #.# #.#


You could see the friendly Shiva the ancestor and a goblin.

Vanquished Creatures
  An ufetubus (D:2)
  2 dart slugs (D:1)
  2 endoplasms
  2 giant cockroaches (D:1)
  2 goblins
  2 hobgoblins (D:1)
  A jackal (D:1)
  3 quokkas (D:1)
  3 ball pythons (D:1)
  2 bats (D:1)
  A frilled lizard (D:1)
  4 kobolds
  4 rats
29 creatures vanquished.

Vanquished Creatures (collateral kills)
  A worm (D:2)
  An endoplasm (D:2)
  A giant cockroach (D:1)
  A hobgoblin (D:1)
  A jackal (D:1)
5 creatures vanquished.

Vanquished Creatures (others)
  An ancestor (D:2)
  A fungus (D:1)
  A plant (D:1)
3 creatures vanquished.

Grand Total: 37 creatures vanquished

Notes
Turn   | Place    | Note
-------+----------+-------------------------------------------
     0 | D:1      | DuloT34 the Naga Transmuter began the quest for the Orb.
     0 | D:1      | Reached XP level 1. HP: 18/18 MP: 3/3
   879 | D:1      | Reached XP level 2. HP: 12/25 MP: 5/5
  1361 | D:1      | Learned a level 2 spell: Wereblood
  1591 | D:1      | Reached skill level 3 in Transmutations
  1600 | D:1      | HP: 1/25 [quokka (5)]
  2430 | D:1      | Found a faded altar of an unknown god.
  2434 | D:1      | Prayed at the altar of an unknown god.
  2434 | D:1      | Became a worshipper of Hepliaklqana the Forgotten
  2434 | D:1      | Reached * piety under Hepliaklqana
  2457 | D:1      | Reached XP level 3. HP: 27/27 MP: 2/6
  2462 | D:1      | Learned a level 3 spell: Spider Form
  3186 | D:2      | Reached skill level 4 in Transmutations
  3301 | D:2      | Noticed Robin
  3361 | D:2      | Shot with a stone by a goblin

Illustrated notes

Levels and vault maps discovered:
D:1:      minmay_arrival_checkered_box, layout_basic,
          shapermc_ecumenical_altar_petra
D:2:      layout_basic, basic_altar, uniq_robin

Skill      XL: |  1  2  3 |
---------------+----------+-----
Transmutations | 3 4 |  4.0
Fighting       | |  1.0
Dodging        | |  1.5
Unarmed Combat | |  3.0
Spellcasting   | |  2.0

Action                   || total
-------------------------++-------
Melee: Unarmed           ||   105
       Headbutt          ||    15
       Punch             ||     1
 Cast: Beastly Appendage ||    24
       Wereblood         ||    10
Invok: Ancestor Identity ||     1
 Abil: Spit Poison       ||     1
Armor: Robe              ||    24
Dodge: Dodged            ||    70
